 Dungeon Crawl Stone Soup version 0.28.0-43-g3370ac3207 (webtiles) character file.

Game seed: 16683910080946822082

168 Peloso the Covered (level 5, 0/47 HPs)
             Began as a Minotaur Fighter on Mar 16, 2022.
             Slain by a sky beast (6 damage)
             ... on level 3 of the Dungeon.
             The game lasted 00:03:00 (2074 turns).

Peloso the Covered (Minotaur Fighter)               Turns: 2074, Time: 00:03:01

Health: 0/47       AC:  9    Str: 27    XL:     5   Next: 23%
Magic:  4/4        EV:  8    Int:  5    God:
Gold:   89         SH:  4    Dex: 11    Spells: 4/4 levels left

rFire   . . .      SeeInvis .   a - +0 long sword
rCold   . . .      Faith    .   c - +0 buckler
rNeg    . . .      Spirit   .   k - +0 chain mail
rPois   .          Reflect  .   (helmet restricted)
rElec   .          Harm     .   (no cloak)
rCorr   .          Rampage  .   (no gloves)
Will    .....                   (no boots)
Stlth   ..........              (no amulet)
HPRegen 0.15/turn               o - +6 ring of strength
MPRegen 0.09/turn               (no ring)

@: no status effects
A: horns 2, retaliatory headbutt
a: no special abilities


You were on level 3 of the Dungeon.
You visited 1 branch of the dungeon, and saw 3 of its levels.

You collected 89 gold pieces.

Inventory:

Hand Weapons
 a - a +0 long sword (weapon)
Armour
 b - a +0 scale mail
 c - a +0 buckler (worn)
 k - a +0 chain mail (worn)
Jewellery
 l - a ring of poison resistance
 o - a +6 ring of strength (left hand)
 p - a ring of resist corrosion
Wands
 i - a wand of polymorph (12)
Scrolls
 e - 2 scrolls of fear {unknown}
 f - 5 scrolls of identify {unknown}
 g - a scroll of vulnerability {unknown}
 j - a scroll of summoning {unknown}
 m - a scroll of teleportation {unknown}
Potions
 d - a potion of might
 h - 2 potions of degeneration {unknown}
 n - a potion of cancellation {unknown}


   Skills:
 + Level 4.8 Fighting
 + Level 3.9 Long Blades
 + Level 5.1 Armour
 + Level 0.7 Dodging
 + Level 4.1 Shields


You had 4 spell levels left.
You didn't know any spells.
Your spell library contained the following spells:

 Spells                   Type           Power      Damage    Failure   Level
 Call Canine Familiar     Summ           0%         N/A       100%        3
 Portal Projectile        Hex/Tloc       0%         N/A       100%        3
 Leda's Liquefaction      Hex/Erth       0%         N/A       100%        4


Dungeon Overview and Level Annotations

Branches:
Dungeon (3/15)

Altars:

Annotations:
D:2 Sigmund


Innate Abilities, Weirdness & Mutations

You have a pair of horns on your head.
You reflexively headbutt those who attack you in melee.


Message History

A frilled lizard is nearby!
The frilled lizard closely misses you.
You slash the frilled lizard!
You kill the frilled lizard!
You see here a frilled lizard corpse.
You see here a frilled lizard corpse.
p - a ring of resist corrosion A sky beast comes into view.
The sky beast flickers out of sight!
Deactivating autopickup; reactivate with Ctrl-A.
Something hits you but does no damage.
You miss something. Something hits you but does no damage.
You hit something. Your headbutt misses something.
You block something's attack. Something hits you. Something shocks you.
You closely miss something. You block something's attack.
You miss something. Something hits you but does no damage.
You miss something. Something hits you but does no damage.
You barely miss something. Something hits you but does no damage.
Something hits you. Something shocks you.
You barely miss something. Something hits you. Something shocks you.
You miss something. Something hits you but does no damage.
You closely miss something. Something hits you but does no damage.
You closely miss something. Your headbutt misses something.
Something hits you but does no damage.
You closely miss something. Something hits you but does no damage.
Something hits you. Something shocks you.
You miss something. Something hits you but does no damage.
You miss something. Something hits you but does no damage.
You completely miss something.
Something hits you but does no damage. x2
You miss something. You headbutt something!
Something hits you but does no damage.
You hit something. You headbutt something!
Something hits you but does no damage.
You miss something. Something hits you. Something shocks you.
* * * LOW HITPOINT WARNING * * *
You miss something. Your headbutt misses something.
Something hits you but does no damage. Something hits you.
* * * LOW HITPOINT WARNING * * *
Something shocks you.
You die...

.........#...#..##.....#
..#.###.##.#...###.....#
..#.# #.##.#.### #######
..#.# #......# ..#.#
####.### ..#.### #.#
##### ......# #.# #...
..###.# ##.#####.#
.####.###.#.....@#
...........#######
.####.###.## .####.# #.#
......###.######
########.......# .#
#..####.#
.#######...###..
....##....^.....


There were no monsters in sight!

Vanquished Creatures
  Natasha (thrice) (D:3)
  Terence (D:3)
  3 adders (D:2)
  A worm (D:3)
  3 endoplasms (D:1)
  A giant cockroach (D:1)
  3 goblins
  8 hobgoblins
  6 kobolds
  2 quokkas
  4 ball pythons
  3 bats
  2 frilled lizards
  5 rats
45 creatures vanquished.

Notes
Turn   | Place    | Note
-------+----------+-------------------------------------------
     0 | D:1      | Peloso the Minotaur Fighter began the quest for the Orb.
     0 | D:1      | Reached XP level 1. HP: 19/19 MP: 0/0
    70 | D:1      | Found a faded altar of an unknown god.
   167 | D:1      | Reached XP level 2. HP: 24/27 MP: 1/1
   367 | D:1      | Reached skill level 4 in Armour
   684 | D:2      | Reached XP level 3. HP: 26/33 MP: 2/2
   843 | D:2      | Noticed Sigmund
  1159 | D:3      | Noticed Natasha
  1165 | D:3      | Killed Natasha
  1166 | D:3      | Reached XP level 4. HP: 11/41 MP: 3/3
  1173 | D:3      | Noticed Natasha
  1179 | D:3      | Killed Natasha
  1457 | D:3      | Noticed Terence
  1464 | D:3      | Killed Terence
  1667 | D:3      | Reached XP level 5. HP: 47/47 MP: 4/4
  1692 | D:3      | Noticed Natasha
  1705 | D:3      | Killed Natasha
  1706 | D:3      | Reached skill level 5 in Armour
  2054 | D:3      | Noticed a sky beast
  2074 | D:3      | Slain by a sky beast

Illustrated notes

Levels and vault maps discovered:
D:1:      elethiomel_arrival_fortress_basement, layout_basic,
          ebering_ecumenical_altar_ruins, minmay_misc_feat_tower
D:2:      layout_basic, uniq_sigmund
D:3:      layout_loops_cross, minivault_25, minmay_misc_feat_plants,
          hangedman_abyss_or_decor_stabs, uniq_terence, uniq_natasha

Skill      XL: |  1  2  3  4  5 |
---------------+----------------+-----
Fighting       | 4 |  4.8
Armour         | 4 5 |  5.1
Shields        | 4 |  4.1
Long Blades    | 3 |  3.9
Dodging        | |  0.7

Action                   |  1- 3 |  4- 6 || total
-------------------------+-------+-------++-------
Melee: Long sword        |    56 |    50 ||   106
       Headbutt          |     9 |     6 ||    15
Armor: Scale mail        |    33 |     1 ||    34
       Chain mail        |       |    35 ||    35
Dodge: Dodged            |    35 |    16 ||    51
Block: Buckler           |     7 |    12 ||    19
